 Dungeon Crawl Stone Soup version 0.31-a0-175-g9f7f995f2b (webtiles) character file.

Game seed: 10079302576436237069

68145 rddays123 the Spry (level 14, -13/73 HPs)
             Began as a Felid Summoner on June 17, 2023.
             Was an Initiate of Gozag.
             Mangled by an alligator (17 damage)
             ... while paralysed
             ... on level 3 of the Swamp on June 18, 2023.
             The game lasted 04:50:04 (34832 turns).

rddays123 the Spry (Felid Summoner)                Turns: 34832, Time: 04:50:04

Health: -13/73     AC:  3    Str:  0 (4)  XL:     14   Next: 85%
Magic:  9/29       EV:  4    Int: 22 (24) God:    Gozag
Gold:   1707       SH:  0    Dex: 17      Spells: 6/34 levels left
                                        Lives:  0   Deaths: 4

rFire   . . .        (weapon unavailable)
rCold   + . .        (shield unavailable)
rNeg    . . .        (body armour unavailable)
rPois   +            (helmet unavailable)
rElec   .            (cloak unavailable)
rCorr   .            (gloves unavailable)
SInv    +            (boots unavailable)
Will    ++...        F - amulet of Edesufru {RegenMP rPois Regen+ Int+2}
Stlth   ++           y - ring of wizardry
HPRegen 0.00/turn    j - ring of flight
MPRegen 0.61/turn

%: random rage (9%), wizardry (x1)
@: paralysed, gold aura, flying, inhibited regen, slowed, lost strength, quick
A: very small, claws 1, fangs 3, see invisible, speed 1, shaggy fur 3, stealthy
paws, no weapons or thrown items, no armour, multi-lived, large bone plates 1,
berserk 2, deterioration 2, dopey 1, poison resistance, MP-powered wands
a: Renounce Religion, Potion Petition, Call Merchant, Bribe Branch


You were on level 3 of the Swamp.
You worshipped Gozag.
Gozag was most pleased with you.
You visited 5 branches of the dungeon, and saw 26 of its levels.

You collected 9156 gold pieces.
You spent 1456 gold pieces at shops.
You paid 5993 gold pieces to Gozag.

Inventory:

Jewellery
 d - a +6 ring of strength
 h - a ring of ice
 j - a ring of flight (right paw)
 k - a ring of poison resistance
 o - an amulet of reflection
 x - a +4 ring of protection
 y - a ring of wizardry (left paw)
 A - a ring of willpower
 D - a ring of willpower
 F - the amulet of Edesufru (around neck) {RegenMP rPois Regen+ Int+2}
   (You acquired it on level 4 of the Lair of Beasts)

   [amulet of magic regeneration]

   It increases your rate of magic regeneration.
   Int:       It affects your intelligence (+2).
   rPois:     It protects you from poison.
   Regen:     It increases your rate of health regeneration.
 J - a +6 ring of dexterity
 L - a ring of magical power
 M - a +6 ring of intelligence
 N - a +4 ring of protection
Wands
 s - a wand of flame (64)
 w - a wand of polymorph (15)
 B - a wand of iceblast (13)
 C - a wand of mindburst (4)
 E - a wand of charming (6)
 K - a wand of quicksilver (6)
Scrolls
 c - 3 scrolls of fog
 g - 9 scrolls of identify
 i - 2 scrolls of immolation
 n - 5 scrolls of teleportation
 p - 3 scrolls of butterflies
 v - 2 scrolls of enchant armour
 H - 4 scrolls of revelation
 I - a scroll of torment
Potions
 a - 2 potions of magic
 b - 5 potions of degeneration
 e - 8 potions of curing
 f - 3 potions of might
 l - 8 potions of heal wounds
 m - 5 potions of lignification
 q - 5 potions of enlightenment
 r - 3 potions of attraction
 t - 3 potions of cancellation
 u - 4 potions of ambrosia
 z - a potion of berserk rage
 G - 3 potions of brilliance
 O - a potion of resistance


   Skills:
 - Level 15.0 Fighting
 - Level 19.0 Dodging
 - Level 2.9 Stealth
 - Level 10.6 Spellcasting
 - Level 10.0 Hexes
 - Level 16.1 Summonings
 - Level 3.0 Necromancy
 * Level 7.5 Transmutations
 - Level 7.0 Air Magic


You had 6 spell levels left.
You knew the following spells:

 Your Spells              Type           Power      Damage    Failure   Level
c - Call Canine Familiar  Summ           70%        N/A       0%          3
d - Summon Guardian Gole  Hex/Summ       62%        N/A       1%          3
e - Summon Lightning Spi  Summ/Air       58%        N/A       1%          4
f - Summon Cactus Giant   Summ           35%        N/A       1%          6
g - Summon Mana Viper     Hex/Summ       62%        N/A       1%          5
h - Monstrous Menagerie   Summ           35%        N/A       2%          7

Your spell library contained the following spells:

 Spells                   Type           Power      Damage    Failure   Level
 Summon Small Mammal      Summ           100%       N/A       0%          1
 Call Imp                 Summ           100%       N/A       0%          2
 Shock                    Conj/Air       100%       1d9       1%          1
 Slow                     Hex            100%       N/A       1%          1
 Ensorcelled Hibernation  Hex/Ice        66%        N/A       1%          2
 Passwall                 Tmut/Erth      23%        N/A       1%          2
 Poisonous Vapours        Pois/Air       54%        N/A       1%          2
 Sublimation of Blood     Necr           25%        N/A       1%          2
 Confusing Touch          Hex            54%        N/A       1%          3
 Dazzling Flash           Conj/Hex       66%        N/A       1%          3
 Swiftness                Air            42%        N/A       1%          3
 Vampiric Draining        Necr           25%        2d7       1%          3
 Airstrike                Air            21%        2d(3-19)  1%          4
 Anguish                  Hex/Necr       20%        N/A       1%          4
 Cause Fear               Hex            27%        N/A       1%          4
 Summon Ice Beast         Ice/Summ       47%        N/A       1%          4
 Silence                  Hex/Air        24%        N/A       1%          5
 Freeze                   Ice            44%        1d6       2%          1
 Magic Dart               Conj           44%        1d5       2%          1
 Sandblast                Erth           22%        2d7       2%          1
 Mephitic Cloud           Conj/Pois/Air  22%        N/A       2%          3
 Blade Hands              Tmut           22%        N/A       2%          5
 Scorch                   Fire           22%        2d6       3%          2
 Petrify                  Tmut/Erth      28%        N/A       4%          4
 Frozen Ramparts          Ice            22%        1d4       7%          3
 Gell's Gravitas          Tloc           11%        N/A       7%          3
 Hailstorm                Conj/Ice       11%        3d5       7%          3
 Stone Arrow              Conj/Erth      22%        3d8       7%          3
 Teleport Other           Tloc           11%        N/A       7%          3
 Irradiate                Conj/Tmut      14%        3d16      13%         5
 Agony                    Necr           25%        N/A       17%         5
 Flame Wave               Conj/Fire      11%        2d6       22%         4
 Manifold Assault         Tloc           11%        N/A       22%         4
 Freezing Cloud           Conj/Ice/Air   11%        6-21      24%         5
 Dispersal                Tloc           5%         N/A       96%         6
 Enfeeble                 Hex            27%        N/A       30%         7
 Haunt                    Necr/Summ      26%        N/A       34%         7
 Spellforged Servitor     Conj/Summ      23%        N/A       54%         7
 Dragon Form              Tmut           22%        N/A       61%         7
 Orb of Destruction       Conj           5%         9d5       100%        7
 Disjunction              Tloc           5%         N/A       100%        8
 Infestation              Necr           12%        N/A       100%        8
 Animate Dead             Necr           Unusable   N/A       N/A         4

Dungeon Overview and Level Annotations

Branches:
Dungeon (15/15)            Temple (1/1) D:4            Lair (5/5) D:8
  Swamp (3/4) Lair:2       Spider (0/4) Lair:2        Slime (0/5) Lair:4
    Orc (2/2) D:12            Elf (0/3) Orc:2        Vaults (0/5) D:14
 Depths (0/4) D:15

Altars:
Ashenzari
Cheibriados
Dithmenos
Elyvilon
Fedhas
Gozag
Hepliaklqana
Kikubaaqudgha
Makhleb
Nemelex Xobeh
Okawaru
Qazlal
Ru
Sif Muna
Trog
Wu Jian
Yredelemnul
Zin
Jiyva

Shops:
D:2 *   D:10 ?   D:15 (   Orc:2 *[=(   Lair:1 :!   Lair:2 *:   Lair:4 :
Lair:5 :

Annotations:
D:8 1 runed translucent door, jasper's ghost, novice SpEE
D:11 2 transporters, Maxmaps's ghost, journeyman FoHu
D:14 2 transporters, Qesae's ghost, journeyman FeSu


Innate Abilities, Weirdness & Mutations

You have sharp claws.
You have razor-sharp teeth.
You have supernaturally acute eyesight. (SInv)
You cover ground quickly. (Speed+)
Your thick and shaggy fur keeps you warm. (AC +3, rC+)
Your paws help you pounce on unaware monsters.
You are incapable of wielding weapons or throwing items.
You cannot wear armour.
You gain extra lives every three experience levels.
You are partially covered in large bone plates. (SH +4)
You have an uncontrollable temper.
Your body often deteriorates upon taking damage.
You are dopey. (Int -2)
Your system is resistant to poisons. (rPois)
You expend magic power (3 MP) to strengthen your wands.


Message History

An electric hum fills the air.
You feel roots moving beneath the ground.
Your guardian golem is hit by a branch!!
You are hit by a branch!
The fenstrider witch hits your lindwurm!
The fenstrider witch kicks your lindwurm.
The spriggan druid barely misses your guardian golem.
Your guardian golem overheats!
Your lindwurm bites the fenstrider witch.
Your lindwurm claws the fenstrider witch but does no damage.
Your lindwurm claws the fenstrider witch.
The alligator bites you!
Your body deteriorates!
You feel weakened.
You have lost your strength.
The alligator tail-slaps you!
* * * LOW HITPOINT WARNING * * *
You feel roots moving beneath the ground.
Your guardian golem is hit by a branch!
Your guardian golem disappears in a puff of smoke!
A tree reaches out and hits your cactus giant!!
You are hit by a branch!
* * * LOW HITPOINT WARNING * * *
The fenstrider witch casts a spell at your lindwurm.
Your lindwurm convulses!
Your guardian golem explodes!
The fiery explosion engulfs the fenstrider witch!!
The fiery explosion engulfs the spriggan druid!!!
The fiery explosion engulfs your cactus giant!!!
The mangrove smoulders and burns.
The spriggan druid is engulfed in blazing flames.
With its final breath, the spriggan druid offers up its power to the beasts of the wild!
The alligator is healed.
The alligator seems to grow more fierce.
The spriggan druid dies!
The forest abruptly stops moving.
Your lindwurm barely misses the fenstrider witch.
Your lindwurm completely misses the fenstrider witch.
Your lindwurm claws the fenstrider witch.
The alligator bites you!
You die...
Your body crumbles into a pile of gold.

♣.♣..~~..~.....###.♣
♣♣♣..~...~.♣)..#...♣
♣.~.~.~~~~........♣♣♣
♣♣.♣~.♣..~.....##.♣.♣♣
♣♣.~...~.........~..♣
♣♣♣).~~..............♣♣
♣♣~.....###.....#...♣♣ ♣♣♣
♣♣..~.....#.....[k8h♣♣♣.~♣♣
....~~..###..##.@tH§§~.(..♣♣♣
~..~~~§.........♣♣§§§§~~~~.~♣
..)~~~...~~~..§♣♣§.C§§§§~~§~.
.~~~.~~..~♣♣§...~♣..$.~~~~~~~
♣♣..~§[~.~♣♣.~~.$...§~..~~~~~
♣♣..~.....§.♣♣~~.....§..~~§~~
♣~.<~~..~~..♣~..♣♣..~♣.♣♣♣.~~
.♣♣.~~......~.......~... ~~
.~~~~~~..~.~~~~~~~~~~.~~~ ~


You could see an alligator (strong, swift), a fenstrider witch (distracted, ally
target), a friendly lindwurm (summoned, sheltered, catching breath), a friendly
cactus giant (summoned, sheltered), a friendly warg (summoned, sheltered) and a
friendly lightning spire (summoned).

Vanquished Creatures
  A centaur (D:11)
1 creature vanquished.

Vanquished Creatures (collateral kills)
  Gastronok (Orc:1)
  Agnes (D:14)
  2 orc warlords
  An ironbound preserver (D:14)
  5 eleionomae
  A dire elephant (D:15)
  2 bunyips
  2 fire dragons
  Fannar (Lair:3)
  Erolcha (D:12)
  A ghost crab (Swamp:1)
  4 boulder beetles
  10 centaur warriors
  2 death knights
  8 hydras
  17 death yaks
  4 alligators
  3 two-headed ogres
  4 tengu warriors (D:14)
  Nergalle (D:11)
  5 orc high priests (Orc:2)
  2 fire crabs (Lair:5)
  6 goliath frogs
  A skeletal warrior (D:13)
  3 spriggan druids
  4 bog bodies
  Pikel (D:7)
  2 swamp dragons
  2 phantasmal warriors
  3 orc knights
  A wolf spider (D:15)
  3 orc sorcerers (Orc:2)
  12 ugly things
  4 will-o-the-wisps
  6 cyclopes
  4 manticores
  2 molten gargoyles (Lair:5)
  7 black mambas
  9 elephants
  Maurice (Orc:1)
  3 gargoyles
  A hellion (D:13)
  5 cane toads
  4 rime drakes
  A freezing wraith (D:13)
  8 komodo dragons
  A tengu conjurer (D:14)
  6 efreet
  4 polar bears
  A meliai (shapeshifter) (D:14)
  A wind drake (shapeshifter) (D:14)
  4 trolls
  A hornet (Swamp:1)
  A tarantella (shapeshifter) (D:15)
  3 tyrant leeches
  25 blink frogs
  A centaur simulacrum (D:15)
  A shadow (D:12)
  12 slime creatures
  A vampire (D:14)
  A spriggan (shapeshifter) (D:14)
  A spriggan (Swamp:1)
  2 wraiths
  5 wyverns
  46 yaks
  2 basilisks (shapeshifter)
  A water elemental (D:14)
  Grum (D:8)
  4 steam dragons
  7 vampire mosquitoes
  14 basilisks
  Eustachio (D:6)
  4 wargs
  4 hogs (D:15)
  6 swamp worms
  An acid dragon (D:13)
  9 water moccasins
  5 hell hounds (Lair:5)
  A black bear (shapeshifter) (D:13)
  28 orc warriors
  A black bear (Lair:3)
  4 swamp drakes
  2 sky beasts
  9 ogres
  15 centaurs
  22 wolves
  2 lemures
  3 kobold brigands
  17 bullfrogs
  2 nameless horrors
  4 scorpions
  9 wights
  9 killer bees
  5 howler monkeys
  5 lava snakes (Lair:5)
  2 jellies
  14 orc priests
  3 hounds
  2 iguanas
  21 orc wizards
  7 adders
  An ufetubus (D:5)
  A worm (D:3)
  2 dart slugs
  72 orcs
  5 ball pythons
  5 endoplasms
  4 giant cockroaches
  5 hobgoblins
  7 jackals
  A quokka (D:5)
  6 bats
  4 frilled lizards
  11 goblins
  11 kobolds
  4 rats
673 creatures vanquished.

Vanquished Creatures (others)
  Rupert (D:15)
  Kirke (D:15)
  A fenstrider witch (Swamp:3)
  A bunyip (Swamp:1)
  Snorg (D:10)
  A hydra (Swamp:3)
  2 centaur warriors (D:14)
  6 death yaks (Lair:5)
  Urug (Lair:5)
  A skyshark (Lair:3)
  A spriggan druid (Swamp:3)
  An orc knight (Orc:2)
  A manticore (D:11)
  3 elephants
  2 black mambas (Lair:1)
  A molten gargoyle (Lair:5)
  2 cane toads (Lair:5)
  A kobold demonologist (D:5)
  A rime drake (Lair:3)
  5 komodo dragons
  2 bloated husks
  A hornet (D:7)
  A troll (Orc:1)
  2 blink frogs
  A wyvern (D:8)
  10 yaks
  A swamp worm (Swamp:1)
  A warg (Orc:1)
  A vampire mosquito (D:14)
  An acid dragon (D:11)
  A water moccasin (Lair:1)
  Edmund (D:5)
  4 orc warriors
  A black bear (D:6)
  4 centaurs
  9 wolves
  A lemure (D:8)
  A kobold brigand (D:5)
  2 bullfrogs
  7 killer bees
  2 howler monkeys (D:8)
  3 orc priests
  An iguana (D:5)
  2 orc wizards (Orc:2)
  2 orcs
  2 kobolds (D:5)
  12 foxfires
110 creatures vanquished.

Grand Total: 784 creatures vanquished

Notes
Turn   | Place    | Note
-------+----------+-------------------------------------------
     0 | D:1      | rddays123 the Felid Summoner began the quest for the Orb.
     0 | D:1      | Reached XP level 1. HP: 7/7 MP: 4/4
   228 | D:1      | Reached XP level 2. HP: 11/11 MP: 1/6
   231 | D:1      | Learned a level 2 spell: Call Imp
   942 | D:2      | Reached XP level 3. HP: 11/14 MP: 3/7
   946 | D:2      | Learned a level 3 spell: Call Canine Familiar
   979 | D:2      | Found Pizog's General Store.
  1007 | D:2      | Bought a scroll of identify for 20 gold pieces
  1304 | D:2      | Reached XP level 4. HP: 18/18 MP: 5/9
  1308 | D:2      | Learned a level 3 spell: Summon Guardian Golem
  1722 | D:3      | Reached skill level 5 in Summonings
  1980 | D:3      | Found a faded altar of an unknown god.
  2034 | D:3      | Reached skill level 3 in Dodging
  2034 | D:3      | Reached skill level 1 in Hexes
  2504 | D:4      | Reached XP level 5. HP: 15/21 MP: 6/11
  2602 | D:4      | Reached skill level 1 in Fighting
  2603 | D:4      | Found a staircase to the Ecumenical Temple.
  2613 | Temple   | Entered the Ecumenical Temple
  2649 | Temple   | Became a worshipper of Gozag Ym Sagoz the Greedy
  2716 | D:5      | Entered Level 5 of the Dungeon
  3124 | D:4      | Found a stormy altar of Qazlal.
  3124 | D:4      | Noticed a sky beast
  3155 | D:4      | Killed a sky beast
  3156 | D:4      | Gained mutation: You are covered in thick fur. (AC +2)
                  | [Felid growth]
  3156 | D:4      | Reached XP level 6. HP: 26/26 MP: 6/12
  3339 | D:4      | Reached skill level 4 in Dodging
  3508 | D:5      | Noticed a kobold demonologist
  3520 | D:5      | Killed a kobold demonologist
  3521 | D:5      | Reached XP level 7. HP: 30/30 MP: 5/14
  3653 | D:5      | Reached skill level 5 in Dodging
  4019 | D:5      | Noticed Edmund
  4104 | D:5      | Reached skill level 5 in Hexes
  4104 | D:5      | Reached XP level 8. HP: 34/34 MP: 10/16
  4364 | D:5      | Killed Edmund
  4365 | D:5      | Reached skill level 6 in Dodging
  4365 | D:5      | Reached skill level 5 in Spellcasting
  4522 | D:5      | Found a shadowy altar of Dithmenos.
  5085 | D:6      | Noticed Eustachio
  5157 | D:6      | Killed Eustachio
  5180 | D:6      | Learned a level 4 spell: Summon Lightning Spire
  5854 | D:7      | Reached skill level 1 in Air Magic
  5933 | D:7      | Noticed a hornet
  5934 | D:7      | Paralysed by a hornet for 2 turns
  5935 | D:7      | Succumbed to a hornet's poison
  5936 | D:7      | Reached XP level 7. HP: -2/33 MP: 13/16
  5957 | D:7      | Killed a hornet
  5958 | D:7      | Reached skill level 7 in Dodging
  5958 | D:7      | Reached XP level 8. HP: 28/36 MP: 9/17
  6129 | D:7      | Reached skill level 5 in Fighting
  6142 | D:7      | HP: 1/37 [yak (7)]
  6151 | D:7      | HP: 1/37 [killer bee (2)]
  6706 | D:7      | Reached skill level 8 in Dodging
  6706 | D:7      | Reached XP level 9. HP: 40/40 MP: 2/19
  7170 | D:8      | Noticed Pikel
  7337 | D:7      | Killed Pikel
  7464 | D:8      | Reached skill level 9 in Dodging
  7464 | D:8      | Reached XP level 10. HP: 41/46 MP: 2/21
  7618 | D:8      | Noticed Grum
  7628 | D:8      | Killed Grum
  7927 | D:8      | Found a runed translucent door.
  7927 | D:8      | Noticed jasper's ghost (novice SpEE)
  8344 | D:8      | Found a staircase to the Lair.
  8532 | D:8      | Learned a level 7 spell: Haunt
  8554 | D:9      | Found an ancient bone altar of Kikubaaqudgha.
  8712 | D:9      | Reached skill level 5 in Air Magic
  8718 | D:9      | Reached skill level 10 in Dodging
  9168 | D:10     | Entered Level 10 of the Dungeon
  9342 | D:10     | Found a bloodstained altar of Trog.
  9345 | D:10     | Found an ornate altar of the Wu Jian Council.
  9348 | D:10     | Found an iron altar of Okawaru.
  9351 | D:10     | Found a hazy altar of Hepliaklqana.
  9722 | D:10     | Noticed Snorg
  9739 | D:10     | Killed Snorg
  9740 | D:10     | Reached XP level 11. HP: 51/51 MP: 3/23
  9897 | D:10     | Found Uja Ogech's Magic Scroll Emporium.
  9911 | D:10     | Bought a scroll of teleportation for 48 gold pieces
  9911 | D:10     | Bought a scroll of identify for 32 gold pieces
  9911 | D:10     | Bought a scroll of identify for 32 gold pieces
  9911 | D:10     | Bought a scroll of identify for 32 gold pieces
  9924 | D:10     | Bought a scroll of revelation for 120 gold pieces
 10232 | D:11     | Noticed a two-headed ogre
 10250 | D:10     | Killed a two-headed ogre
 10482 | D:11     | Noticed Maxmaps's ghost (journeyman FoHu)
 10482 | D:11     | Noticed a two-headed ogre
 10482 | D:11     | Noticed a two-headed ogre
 10483 | D:11     | Found a transporter.
 10483 | D:11     | Noticed a two-headed ogre
 10489 | D:11     | Identified the +3 dire flail of the Seven Dances {freeze,
                  | rF+ rC+ rCorr}
 10489 | D:11     | Noticed a two-headed ogre
 10596 | D:11     | You are sucked into a shaft and drop 1 floor!
 10801 | D:11     | Found a transporter.
 10818 | D:11     | Noticed Nergalle
 10862 | D:11     | Killed Nergalle
 11317 | D:11     | Reached skill level 11 in Dodging
 11745 | Lair:1   | Entered Level 1 of the Lair of Beasts
 11823 | Lair:1   | Reached skill level 10 in Summonings
 12466 | D:8      | Reached skill level 1 in Necromancy
 12966 | Lair:1   | Gained mutation: Your thick and shaggy fur keeps you warm.
                  | (AC +3, rC+) [Felid growth]
 12966 | Lair:1   | Reached XP level 12. HP: 55/56 MP: 14/25
 13241 | Lair:1   | Reached skill level 12 in Dodging
 13395 | Lair:1   | Learned a level 5 spell: Summon Mana Viper
 14120 | Lair:2   | Found a hole to the Spider Nest.
 14241 | Lair:2   | Bought a book of Scorching for 420 gold pieces
 14392 | Lair:2   | Learned a level 6 spell: Summon Cactus Giant
 14504 | Lair:2   | Found a staircase to the Swamp.
 15121 | Lair:2   | Killed from afar by an electric eel
 15122 | Lair:2   | Reached XP level 11. HP: -6/54 MP: 22/25
 15166 | Lair:3   | Noticed a skyshark
 15171 | Lair:3   | Noticed a seven-headed hydra
 15185 | Lair:3   | Killed a skyshark
 15186 | Lair:3   | Reached skill level 13 in Dodging
 15479 | Lair:3   | Killed a seven-headed hydra
 15480 | Lair:3   | Reached skill level 10 in Fighting
 15730 | Lair:3   | Reached XP level 12. HP: 40/58 MP: 1/26
 15916 | Lair:3   | Reached skill level 10 in Spellcasting
 16069 | Lair:3   | Noticed Fannar
 16086 | Lair:3   | Killed Fannar
 17336 | Lair:4   | Identified a scroll of acquirement
 17401 | Lair:4   | Reached skill level 14 in Dodging
 17707 | Lair:4   | Found a staircase to the Slime Pits.
 17707 | Lair:4   | Found a viscous altar of Jiyva.
 18054 | Lair:5   | Entered Level 5 of the Lair of Beasts
 18054 | Lair:5   | Noticed a six-headed hydra
 18057 | Lair:5   | Noticed a death yak
 18066 | Lair:5   | Killed a six-headed hydra
 18075 | Lair:5   | Noticed a death yak
 18076 | Lair:5   | Noticed a death yak
 18076 | Lair:5   | Noticed a death yak
 18076 | Lair:5   | Killed a death yak
 18078 | Lair:5   | Noticed a death yak
 18079 | Lair:5   | Reached skill level 10 in Hexes
 18153 | Lair:4   | Killed a death yak
 18646 | Lair:4   | Killed a death yak
 18691 | Lair:4   | Killed a death yak
 18694 | Lair:4   | Killed a death yak
 19181 | Lair:5   | Reached XP level 13. HP: 45/63 MP: 13/28
 19486 | Lair:5   | Reached skill level 15 in Dodging
 20749 | Lair:5   | Reached skill level 16 in Dodging
 21029 | Lair:5   | Noticed Urug
 21049 | Lair:5   | Killed Urug
 21492 | Lair:5   | Learned a level 7 spell: Monstrous Menagerie
 21526 | Lair:5   | Reached XP level 14. HP: 69/69 MP: 20/29
 21823 | Lair:5   | Found a large runed translucent door.
 22384 | D:12     | Noticed Erolcha
 22395 | D:12     | Killed Erolcha
 22606 | D:12     | Found the amulet of Elemental Vulnerability {rPois rF--
                  | rC-- AC+8}
 23255 | D:12     | Found a staircase to the Orcish Mines.
 23364 | D:12     | Found a white marble altar of Elyvilon.
 23768 | D:13     | Reached skill level 17 in Dodging
 25050 | D:13     | Found the +6 arbalest "Damnation" {damnation}
 25463 | Lair:4   | Bought a book of Transfigurations for 520 gold pieces
 25464 | Lair:4   | Acquired the amulet of Edesufru {RegenMP rPois Regen+
                  | Int+2}
 25580 | Lair:5   | Found a large runed translucent door.
 26774 | D:14     | Found a transporter.
 26779 | D:14     | Found a transporter.
 26781 | D:14     | Noticed Qesae's ghost (journeyman FeSu)
 26921 | D:14     | Reached skill level 18 in Dodging
 26995 | D:14     | Reached XP level 15. HP: 59/75 MP: 17/30
 27100 | D:14     | Noticed Agnes
 27115 | D:14     | Killed Agnes
 27708 | Lair:5   | Learned a level 7 spell: Dragon Form
 28070 | D:14     | Found a gate to the Vaults.
 28549 | D:15     | Entered Level 15 of the Dungeon
 28563 | D:15     | Noticed Rupert
 28586 | D:15     | Mangled by Rupert
 28587 | D:15     | Reached XP level 14. HP: -6/72 MP: 31/38
 28607 | D:15     | Found Davik's Antique Weapon Shop.
 28783 | Orc:1    | Entered Level 1 of the Orcish Mines
 28931 | Orc:2    | Entered Level 2 of the Orcish Mines
 29019 | Orc:2    | Gained mutation: Your spells are a little easier to cast,
                  | but a little less powerful. [mutagenic glow]
 29049 | Orc:2    | Gained mutation: You are clumsy. (Dex -2) [mutagenic glow]
 29080 | Orc:2    | Gained mutation: Your body sometimes deteriorates upon
                  | taking damage. [mutagenic glow]
 29097 | Orc:2    | Gained mutation: You are dopey. (Int -2) [mutagenic glow]
 29109 | Orc:2    | Gained mutation: You occasionally lose the ability to drink
                  | potions when taking damage. [mutagenic glow]
 29130 | Orc:2    | Gained mutation: You have hidden genetic defects.
                  | [mutagenic glow]
 29325 | D:15     | Lost mutation: You are clumsy. (Dex -2) [potion of
                  | mutation]
 29325 | D:15     | Lost mutation: Your spells are a little easier to cast, but
                  | a little less powerful. [potion of mutation]
 29325 | D:15     | Gained mutation: You expend magic power (3 MP) to
                  | strengthen your wands. [potion of mutation]
 29612 | Orc:2    | Found a bloodstained altar of Trog.
 29915 | Orc:2    | Noticed an orc warlord
 29933 | Orc:2    | Killed an orc warlord
 29974 | Orc:2    | Reached skill level 19 in Dodging
 30093 | Orc:2    | Reached skill level 15 in Fighting
 30107 | Orc:2    | Gained mutation: You have terrible hidden genetic defects.
                  | [hidden defects]
 30259 | Orc:2    | Found Ykloul's Antique Armour Shop.
 30260 | Orc:2    | Found Ahionypp's Antique Weapon Boutique.
 30261 | Orc:2    | Found Konyidefe's General Store.
 30261 | Orc:2    | Found Tualeus's Jewellery Shop.
 30411 | Orc:2    | Found a staircase to the Elven Halls.
 30475 | Orc:1    | Noticed Maurice
 30482 | Orc:1    | Killed Maurice
 30586 | Orc:1    | Noticed an orc warlord
 30602 | Orc:1    | Killed an orc warlord
 30949 | Orc:1    | Noticed Gastronok
 30968 | Orc:1    | Killed Gastronok
 31630 | D:15     | Killed Rupert
 31794 | D:15     | Gained mutation: Your body often deteriorates upon taking
                  | damage. [hidden defects]
 31794 | D:15     | Lost mutation: You have terrible hidden genetic defects.
                  | [hidden defects expressed]
 31950 | D:15     | Reached XP level 15. HP: 77/77 MP: 24/30
 31959 | D:15     | Noticed Kirke
 31967 | D:15     | Killed Kirke
 32047 | D:15     | Reached skill level 15 in Summonings
 32105 | D:15     | Found a staircase to the Depths.
 32654 | Swamp:1  | Entered Level 1 of the Swamp
 32708 | Swamp:1  | Gained mutation: Your spells are a little easier to cast,
                  | but a little less powerful. [hidden defects]
 33166 | Swamp:1  | Reached skill level 1 in Transmutations
 33416 | Swamp:2  | Gained mutation: You sometimes lose your temper in combat.
                  | [hidden defects]
 33416 | Swamp:2  | Lost mutation: You have hidden genetic defects. [hidden
                  | defects expressed]
 33460 | Swamp:1  | Lost mutation: Your spells are a little easier to cast, but
                  | a little less powerful. [potion of mutation]
 33460 | Swamp:1  | Lost mutation: You occasionally lose the ability to drink
                  | potions when taking damage. [potion of mutation]
 33460 | Swamp:1  | Gained mutation: You have an uncontrollable temper. [potion
                  | of mutation]
 33460 | Swamp:1  | Gained mutation: Your system is resistant to poisons.
                  | (rPois) [potion of mutation]
 33460 | Swamp:1  | Gained mutation: You are partially covered in large bone
                  | plates. (SH +4) [potion of mutation]
 33494 | Lair:2   | Bought a scroll of teleportation for 42 gold pieces
 33524 | Lair:1   | Bought a potion of resistance for 190 gold pieces
 34371 | Swamp:3  | Reached skill level 5 in Transmutations
 34488 | Swamp:2  | Killed from afar by an eleionoma
 34489 | Swamp:2  | Reached XP level 14. HP: -33/73 MP: 15/29
 34710 | Swamp:3  | Noticed a fenstrider witch
 34714 | Swamp:3  | Killed a fenstrider witch
 34820 | Swamp:3  | Noticed a fenstrider witch
 34831 | Swamp:3  | Lost strength.
 34832 | Swamp:3  | Mangled by an alligator

Illustrated notes

Levels and vault maps discovered:
D:1:      elethiomel_arrival_shortcut, layout_basic
D:2:      layout_rooms, serial_shops, shop
D:3:      layout_loops_ring, basic_ecumenical_altar, nicolae_figureground_pulse
D:4:      layout_basic, nicolae_qazlal_beasts_of_the_sky,
          minmay_temple_entry_large_hall, hangedman_decor_lopped,
          eino_small_chamber_without_monster
D:5:      layout_gridville, nicolae_dithmenos_shadow_blocks,
          nicolae_ossuary_entry_ruins, wad_woods_river_04, uniq_edmund
D:6:      layout_rooms, hangedman_abyss_or_decor_stagger, uniq_eustachio
D:7:      layout_rooms
D:8:      layout_gridville, grunt_lair_entry_orc_guard_hut,
          ebering_ghost_reflecting_pool, uniq_pikel, uniq_grum
D:9:      layout_cave_pools, kiku_gazebo_garden_becter
D:10:     layout_long_grid, grunt_temple_overflow_cloverleaf, serial_shops,
          nicolae_shop_window_shopping, uniq_snorg
D:11:     layout_basic, gammafunk_ghost_smash, uniq_nergalle
D:12:     layout_basic, hiddenorc1_lemuel, elyvilon_altar_3, uniq_erolcha
D:13:     layout_roguey, dreamdust_princess_corridor,
          hellmonk_guarded_unrand_damnation
D:14:     minmay_isolated_rectangles_in_corner, layout_basic,
          skrybe_vaults_entry_preservation, nicolae_lava_and_water,
          gammafunk_ghost_hive, kennysheep_four_rooms, uniq_agnes
D:15:     hangedman_depths_entry_try_elsewhere_first, layout_long_grid,
          serial_shops, shop, hangedman_decor_peaks_small, uniq_kirke,
          uniq_rupert
Temple:   nicolae_temple_superstar
Lair:1:   layout_roguey, gauntlet_entry_generic, ldierk_geyser,
          bh_autumn_forest_stairs, minmay_holes, dreamdust_mushroom_princess,
          serial_bayou_pond_e
Lair:2:   layout_regular_city, minmay_swamp_entry_swarm, dummy_spider_entry,
          serial_bayou_crossing
Lair:3:   layout_regular_city, serial_bayou_shore_a, uniq_fannar
Lair:4:   layout_long_grid, slime_entry_1
Lair:5:   cheibrodos_lair_end_hotspot, layout_long_grid, uniq_urug
Swamp:1:  layout_falls_marsh, infiniplex_staircase_pool
Swamp:2:  layout_basic_swamp, evilmike_swamp_ruin_house_5, swamp_pool5
Swamp:3:  nzn_winding_woodlands_cross [nzn_winding_woodlands_5x15_concentric,
          nzn_winding_woodlands_5x15_sawtooth,
          nzn_winding_woodlands_5x15_garden,
          nzn_winding_woodlands_5x15_sidewinder,
          nzn_winding_woodlands_15x15_witchcraft], layout_basic_swamp,
          evilmike_swamp_ruin_rubble_2
Orc:1:    layout_diamond_mine, uniq_gastronok, uniq_maurice
Orc:2:    st_orc_congregation, layout_caves, basic_altar

Skill      XL: |  1  2  3  4  5  6  7  8  9 10 11 12 13 14 15 |
---------------+----------------------------------------------+-----
Spellcasting   | 3 4 6 7 8 10 | 10.6
Summonings     | 5 6 7 8 9 10 11 14 16 | 16.1
Dodging        | 3 4 7 8 9 10 13 14 16 19 | 19.0
Hexes          | 1 2 4 5 7 10 | 10.0
Fighting       | 1 2 3 5 6 7 10 11 12 15 | 15.0
Air Magic      | 2 4 5 6 7 |  7.0
Necromancy     | 2 3 |  3.0
Transmutations | 7 5 |  7.5
Stealth        | |  2.9

Action                     |  1- 3 |  4- 6 |  7- 9 | 10-12 | 13-15 || total
---------------------------+-------+-------+-------+-------+-------++-------
  Melee: Unarmed           |       |     2 |    68 |     4 |    11 ||    85
         Bite              |       |       |    13 |       |     3 ||    16
         Punch             |       |       |     1 |       |       ||     1
   Cast: Summon Small Mamm |    45 |    31 |    48 |    69 |     8 ||   201
         Call Imp          |     6 |    12 |    40 |    67 |    10 ||   135
         Call Canine Famil |     1 |     9 |    44 |   109 |   114 ||   277
         Summon Guardian G |       |     2 |    15 |    37 |    74 ||   128
         Summon Lightning  |       |       |     4 |    59 |   118 ||   181
         Summon Mana Viper |       |       |       |    21 |   117 ||   138
         Summon Cactus Gia |       |       |       |       |    96 ||    96
         Monstrous Menager |       |       |       |       |    17 ||    17
 Invoke: Call Merchant     |       |       |       |     1 |     5 ||     6
    Use: Scroll            |     2 |     2 |     9 |    22 |    10 ||    45
         Potion            |       |       |     1 |     2 |     2 ||     5
 Armour: Skin              |     2 |     1 |    13 |    18 |    15 ||    49
  Dodge: Dodged            |    42 |     8 |   119 |   224 |   330 ||   723
  Block: Other             |       |       |    28 |    43 |    24 ||    95
         Reflection        |       |       |     4 |     2 |     2 ||     8

Table legend: (Time is in decaauts)
 A = Elapsed time spent in this place.
 B = Non-inter-level travel time spent in this place.
 C = Inter-level travel time spent in this place.
 D = Time resting spent in this place.
 E = Time spent auto-exploring this place.
 F = Levels seen in this place.
 G = Mean time per level.
                   A        B        C        D        E       F      G
               +--------+--------+--------+--------+--------+-----+--------+
         Total |  30952 |  28658 |   2294 |   5207 |  12642 |  26 | 1190.5 |
       Dungeon |  17298 |  15727 |   1571 |   2823 |   7536 |  15 | 1153.2 |
        Temple |     51 |     42 |      9 |      0 |     18 |   1 |   51.0 |
          Lair |   9653 |   9105 |    548 |   1943 |   3490 |   5 | 1930.6 |
         Swamp |   1937 |   1850 |     87 |    203 |    797 |   3 |  645.7 |
  Orcish Mines |   2011 |   1936 |     75 |    238 |    800 |   2 | 1005.5 |
               +--------+--------+--------+--------+--------+-----+--------+

Top non-repeatable levels by time:
  Lair:4: 2965 daAuts
  Lair:5: 2433 daAuts
     D:8: 1877 daAuts
  Lair:3: 1575 daAuts
    D:14: 1561 daAuts
    D:13: 1485 daAuts
    D:12: 1481 daAuts
  Lair:1: 1461 daAuts
     D:6: 1379 daAuts
    D:10: 1331 daAuts
  Lair:2: 1218 daAuts
     D:5: 1181 daAuts
   Orc:2: 1152 daAuts
    D:11: 1086 daAuts
    D:15: 1051 daAuts
